 Dungeon Crawl Stone Soup version 0.23.2-40-g277498a (webtiles) character file.

Game seed: 13408136861406275752

1327 Fang the Skirmisher (level 8, 0/78 HPs)
             Began as a Gargoyle Berserker on Oct 14, 2019.
             Was an Elder of Trog.
             Slain by a wight
             ... wielding a +4 halberd of freezing
              (4 damage)
             ... on level 6 of the Dungeon.
             The game lasted 00:06:52 (4525 turns).

Fang the Skirmisher (Gargoyle Berserker)            Turns: 4525, Time: 00:06:53

Health: 0/78       AC:  8    Str: 29    XL:     8   Next: 60%
Magic:  8/8        EV: 17    Int:  7    God:    Trog [****..]
Gold:   265        SH:  0    Dex:  9    Spells: 7/7 levels left

rFire    . . .     SeeInvis .   a - +0 war axe
rCold    . . .     Gourm    .   (no shield)
rNeg     + . .     Faith    .   b - +0 animal skin
rPois    ∞         Spirit   .   (no helmet)
rElec    +         Reflect  .   (no cloak)
rCorr    .         Harm     .   (no gloves)
MR       .....                  (no boots)
Stlth    ..........             (no amulet)
HPRegen  0.23/turn              (no ring)
MPRegen  0.11/turn              u - +4 ring of evasion

@: berserking, very quick
A: negative energy resistance 1, electricity resistance, unbreathing,
petrification resistance, rot immunity, AC +5
a: Berserk, Trog's Hand, Brothers in Arms, Renounce Religion


You were on level 6 of the Dungeon.
You worshipped Trog.
Trog was greatly pleased with you.
You were very hungry.

You visited 2 branches of the dungeon, and saw 7 of its levels.

You collected 265 gold pieces.

Inventory:

Hand Weapons
 a - a +0 war axe (weapon)
Armour
 b - a +0 animal skin (worn)
Jewellery
 u - a +4 ring of evasion (right hand)
 A - an uncursed ring of protection from magic {unknown}
Wands
 q - a wand of disintegration (9)
 B - a wand of acid (12)
Scrolls
 g - 5 scrolls of identify {unknown}
 h - 3 scrolls of fear {unknown}
 k - 2 scrolls of amnesia {unknown}
 n - 2 scrolls of teleportation {unknown}
 o - 2 scrolls of enchant armour {unknown}
 r - a scroll of immolation {unknown}
 s - a scroll of random uselessness {unknown}
 w - a scroll of noise {unknown}
 y - 3 scrolls of remove curse {unknown}
 z - a scroll of enchant weapon {unknown}
Potions
 d - 4 potions of flight {unknown}
 e - a potion of heal wounds {unknown}
 f - 2 potions of degeneration {unknown}
 i - 3 potions of curing {unknown}
 j - a potion of lignification {unknown}
 l - 2 potions of brilliance {unknown}
 m - a potion of berserk rage {unknown}
 p - a potion of haste {unknown}
 t - 2 potions of might {unknown}
 v - a potion of ambrosia {unknown}
Comestibles
 c - 9 rations


   Skills:
 + Level 6.4 Fighting
 + Level 5.3 Axes
 + Level 6.0 Armour
 + Level 4.4 Dodging


You had 7 spell levels left.
You didn't know any spells.
Your spell library was empty.

Dungeon Overview and Level Annotations

Branches:
Dungeon (6/15)             Temple (1/1) D:5

Altars:
Ashenzari
Cheibriados
Fedhas
Makhleb
Vehumet
Xom
The Shining One

Annotations:
D:5 2 transporters


Innate Abilities, Weirdness & Mutations

You are resistant to torment.
Your stone body is resilient. (AC +5)
You are immune to poison.
You resist negative energy. (rN+)
You are resistant to electric shocks. (rElec)
You can survive without breathing.
You are immune to petrification.
You are immune to rotting.


Message History

You are too injured to fight recklessly!
A red film seems to cover your vision as you go berserk!
You feel yourself moving faster!
You feel mighty!
You are feeling very hungry.
The wight hits you with a cursed +3 war axe of freezing.
* * * LOW HITPOINT WARNING * * *
The wight freezes you.
* * * LOW HITPOINT WARNING * * *
The wight closely misses you. The wight misses you.
You slash the wight!
The wight is almost destroyed.
You closely miss the wight. You barely miss the wight. The wight misses you. x2
You closely miss the wight.
The wight is almost destroyed.
You hit the wight. x2; The wight hits you with a +3 scimitar.
* * * LOW HITPOINT WARNING * * *
The wight hits you with a +4 battleaxe.
* * * LOW HITPOINT WARNING * * *
The wight hits you from afar with a +4 halberd of freezing.
You die...

#.#.......###.######
#...##.##..........#
##.###.#####...###.
#.# #.####.....# #.#
#.........##
####.##########.##
#.......# #.#
#.#####.# #.# #.#
#.# #@# #.# ##.#


#zzz# #.# ##..# #...z.# #.###...# #.......# ####....# #........# #....#
#.......<+ #P#PP# #........# #.PP## #.......## ##.## You could see 4 wights.

Vanquished Creatures
  A necrophage (D:3)
  A centaur (D:3)
  4 ogres
  A wight (D:6)
  A howler monkey (D:4)
  A crimson imp (D:5)
  A bullfrog zombie (D:5)
  A bullfrog skeleton (D:4)
  3 orc priests
  2 orc wizards (D:4)
  3 iron imps (D:3)
  Jessica (D:3)
  An iguana (D:5)
  6 worker ants
  A hound skeleton (D:4)
  Robin (D:3)
  A gnoll (D:3)
  5 adders
  A shadow imp (D:5)
  An ooze (D:4)
  5 worms
  4 dart slugs
  5 leopard geckos
  13 orcs
  A ball python (D:3)
  6 giant cockroaches
  12 goblins
  10 hobgoblins
  7 jackals
  3 kobolds
  4 quokkas
  9 bats
  7 frilled lizards
  11 rats
134 creatures vanquished.

Notes
Turn   | Place    | Note
-------+----------+-------------------------------------------
     0 | D:1      | Fang the Gargoyle Berserker began the quest for the Orb.
     0 | D:1      | Reached XP level 1. HP: 14/14 MP: 1/1
    29 | D:1      | Reached XP level 2. HP: 7/19 MP: 2/2
   554 | D:1      | Reached XP level 3. HP: 19/23 MP: 3/3
   694 | D:2      | Reached ** piety under Trog
   762 | D:2      | Reached XP level 4. HP: 19/29 MP: 4/4
  1553 | D:3      | Reached XP level 5. HP: 18/33 MP: 5/5
  1724 | D:3      | Found a burning altar of Makhleb.
  1880 | D:3      | Found a shimmering altar of Xom.
  2027 | D:3      | Noticed Jessica
  2036 | D:3      | Killed Jessica
  2036 | D:3      | Reached XP level 6. HP: 39/39 MP: 6/6
  2082 | D:3      | Noticed Robin
  2102 | D:3      | Killed Robin
  2189 | D:3      | Reached *** piety under Trog
  2226 | D:3      | Found a glowing golden altar of the Shining One.
  2226 | D:3      | Found a blossoming altar of Fedhas.
  2268 | D:3      | Noticed a necrophage
  2288 | D:3      | Killed a necrophage
  2288 | D:3      | Reached skill level 5 in Fighting
  2288 | D:3      | Reached XP level 7. HP: 23/44 MP: 7/7
  2877 | D:4      | Found a shattered altar of Ashenzari.
  3219 | D:4      | Reached skill level 5 in Armour
  3522 | D:4      | Reached XP level 8. HP: 51/51 MP: 8/8
  3794 | D:5      | Entered Level 5 of the Dungeon
  4037 | D:5      | Reached skill level 5 in Axes
  4043 | D:5      | Reached **** piety under Trog
  4070 | D:5      | Found a radiant altar of Vehumet.
  4087 | D:5      | Found a staircase to the Ecumenical Temple.
  4113 | Temple   | Entered the Ecumenical Temple
  4212 | D:5      | Found a transporter.
  4213 | D:5      | Found a snail-covered altar of Cheibriados.
  4213 | D:5      | Noticed a tengu warrior
  4217 | D:5      | Found a transporter.
  4525 | D:6      | Slain by a wight

Skill      XL: |  1  2  3  4  5  6  7  8 |
---------------+-------------------------+-----
Axes           | 3 4 5 |  5.3
Dodging        | 2 3 4 |  4.4
Armour         | 3 4 5 6 |  6.0
Fighting       | 4 5 6 |  6.4

Action                   |  1- 3 |  4- 6 |  7- 9 || total
-------------------------+-------+-------+-------++-------
Melee: Hand axe          |    79 |   205 |    68 ||   352
       War axe           |       |       |   124 ||   124
Invok: Berserk           |     1 |     2 |     3 ||     6
       Trog's Hand       |       |     1 |       ||     1
  Eat: Chunk             |       |     7 |    10 ||    17
Armor: Animal skin       |    48 |    80 |    45 ||   173
Dodge: Dodged            |    81 |   144 |   188 ||   413
